 Dungeon Crawl Stone Soup version 0.25.0-11-g1f837a76a1 (webtiles) character file.

Game seed: 4703855761319714048

14449 Delamore the Basher (level 12, -6/80 HPs)
             Began as a Gargoyle Fighter on June 24, 2020.
             Was the Champion of Okawaru.
             Killed from afar by Azrael (15 damage)
             ... with a bolt of fire
             ... on level 12 of the Dungeon.
             The game lasted 00:13:30 (10788 turns).

Delamore the Basher (Gargoyle Fighter)             Turns: 10788, Time: 00:13:30

Health: -6/80      AC: 34    Str: 31    XL:     12   Next: 16%
Magic:  12/12      EV:  7    Int: 10    God:    Okawaru [******]
Gold:   1261       SH: 18    Dex:  9    Spells: 11/11 levels left

rFire    . . .     SeeInvis .   J - +9 war axe of Undoing {speed, *Contam rElec rC+ Str+7}
rCold    + . .     Gourm    .   c - +0 kite shield
rNeg     + . .     Faith    .   U - +4 plate armour
rPois    ∞         Spirit   .   p - +0 helmet
rElec    +         Reflect  +   O - +2 cloak {rPois}
rCorr    .         Harm     .   M - +0 pair of gloves
MR       +....                  r - +0 pair of boots
Stlth    ..........             T - amulet of reflection
HPRegen  0.23/turn              v - +4 ring of protection
MPRegen  0.13/turn              j - ring of protection from magic

@: no status effects
A: negative energy resistance 1, electricity resistance, unbreathing,
petrification resistance, rot immunity, AC +8
a: Heroism, Finesse, Renounce Religion


You were on level 12 of the Dungeon.
You worshipped Okawaru.
Okawaru was exalted by your worship.
You were not hungry.

You visited 2 branches of the dungeon, and saw 13 of its levels.

You collected 1261 gold pieces.

Inventory:

Hand Weapons
 a - a +0 flail of protection
 D - a +3 flail
 J - the +9 war axe of Undoing (weapon) {speed, *Contam rElec rC+ Str+7}
   (You found it on level 8 of the Dungeon)

   Attacks with this weapon are significantly faster.
   It affects your strength (+7).
   It protects you from cold.
   It insulates you from electricity.
   It causes magical contamination when unequipped.
 L - a +1 whip of electrocution
Missiles
 W - 7 curare-tipped darts (quivered)
Armour
 c - a +0 kite shield (worn)
 p - a +0 helmet (worn)
 r - a +0 pair of boots (worn)
 M - a +0 pair of gloves (worn)
 O - a +2 cloak of poison resistance (worn)
 U - a +4 plate armour (worn)
Jewellery
 j - a ring of protection from magic (right hand)
 u - an uncursed ring of positive energy
 v - a +4 ring of protection (left hand)
 T - an amulet of reflection (around neck)
Wands
 b - a wand of disintegration (18)
 t - a wand of paralysis (15)
 K - a wand of flame (18)
 P - a wand of digging (6)
Scrolls
 h - 2 scrolls of random uselessness {unknown}
 i - 3 scrolls of amnesia {unknown}
 l - a scroll of immolation
 m - 3 scrolls of fog
 n - 2 scrolls of remove curse
 o - 7 scrolls of teleportation
 s - 2 scrolls of enchant armour
 x - a scroll of magic mapping
 y - 5 scrolls of fear
 E - 2 scrolls of enchant weapon
Potions
 d - 3 potions of might
 e - a potion of invisibility
 g - 3 potions of degeneration
 k - a potion of cancellation
 q - a potion of magic {unknown}
 w - 2 potions of curing {unknown}
 z - 2 potions of stabbing {unknown}
 A - 3 potions of lignification {unknown}
 C - a potion of brilliance
 G - a potion of haste
 I - 2 potions of mutation
 N - 2 potions of flight
 V - a potion of berserk rage
Comestibles
 f - 18 rations
 B - 7 chunks of flesh


   Skills:
 + Level 11.7 Fighting
 - Level 12.6 Maces & Flails
 - Level 3.2 Armour
 + Level 11.7 Shields


You had 11 spell levels left.
You didn't know any spells.
Your spell library contained the following spells:

 Spells                   Type           Power        Failure   Level  Hunger
 Corona                   Hex            #......      99%         1    ##.....
 Ensorcelled Hibernation  Hex/Ice        #.....       100%        2    ###....
 Confusing Touch          Hex            #.......     100%        3    ####...
 Dazzling Flash           Conj/Hex       #.....       100%        3    ####...
 Gell's Gravitas          Tloc           #.........   100%        3    ####...
 Tukima's Dance           Hex            #.......     100%        3    ####...
 Petrify                  Tmut/Erth      #.......     100%        4    #####..
 Metabolic Englaciation   Hex/Ice        #.........   100%        5    ######.
 Yara's Violent Unravell  Hex/Tmut       #.........   100%        5    ######.


Dungeon Overview and Level Annotations

Branches:
Dungeon (12/15)            Temple (1/1) D:6            Lair (0/6) D:9
    Orc (0/2) D:10

Altars:
Ashenzari
Cheibriados
Dithmenos
Elyvilon
Fedhas
Gozag
Hepliaklqana
Kikubaaqudgha
Makhleb
Nemelex Xobeh
Okawaru
Qazlal
Ru
Sif Muna
Trog
Uskayaw
Vehumet
Wu Jian
Xom
Yredelemnul
Zin
The Shining One
Beogh

Shops:
D:7 %

Annotations:
D:12 Azrael


Innate Abilities, Weirdness & Mutations

You are resistant to torment.
Your stone body is resilient. (AC +8)
You are immune to poison.
You resist negative energy. (rN+)
You are resistant to electric shocks. (rElec)
You can survive without breathing.
You are immune to petrification.
You are immune to rotting.


Message History

You feel very mighty all of a sudden.
You block the fire elemental's attack. x2
Azrael hits you with a +1 scimitar of flaming.
* * * LOW HITPOINT WARNING * * *
Azrael burns you.
* * * LOW HITPOINT WARNING * * *
The hell hound barely misses you. You block the fire elemental's attack.
The fire elemental hits you. The fire elemental burns you!
* * * LOW HITPOINT WARNING * * *
It was a potion of cancellation.
Your magical effects are unravelling.
You feel magically purged.
You feel a little less mighty now. The fire elemental hits you.
The fire elemental burns you!
* * * LOW HITPOINT WARNING * * *
You block the hell hound's attack. You block the fire elemental's attack.
The fire elemental hits you. Azrael gestures at you. The bolt of fire hits you!
You die...

#.# ..# #.# .... #.#
#.......# #####.#######
+.......+ ............
.#.......#####.#EE...##.
...............@R.○°...
.##..........#.Eh.......
..............)......###
###..........#######.#
.....<....!..# #
..#..........#
#.#..........#
#.#.#'######.#
#.#.#.######.#


You could see Azrael, 3 fire elementals and a hell hound (catching breath).

Vanquished Creatures
  3 two-headed ogres
  Sonja (D:11)
  An unseen horror (D:12)
  The ghost of brujo666 the Spear-Bearer, a novice DsGl of Fedhas (D:8)
  Pikel (D:8)
  2 cyclopes
  A komodo dragon (D:12)
  3 trolls
  2 hornets
  3 hippogriffs
  A wyvern (D:9)
  3 wraiths
  A vampire (D:11)
  10 yaks (D:11)
  A fire elemental (D:12)
  5 hungry ghosts
  3 hell hounds (D:12)
  A warg (D:8)
  A soldier ant (D:9)
  8 orc warriors
  An ice beast (D:7)
  3 slaves (D:8)
  A black bear (D:6)
  2 phantoms
  An eye of draining (D:11)
  A necrophage (D:6)
  A sky beast (D:12)
  3 ogres
  2 centaurs (D:11)
  A big kobold (D:11)
  7 bullfrogs
  8 killer bees
  4 wights
  2 howler monkeys
  4 crimson imps
  2 quasits (D:9)
  A bullfrog zombie (D:9)
  4 hounds
  2 jellies
  4 orc priests
  An iguana (D:8)
  8 orc wizards
  2 bullfrog skeletons
  Terence (D:2)
  13 worker ants
  A killer bee zombie (D:10)
  2 hound skeletons
  A worker ant zombie (D:4)
  Robin (D:3)
  9 gnolls
  13 adders
  5 shadow imps
  An ooze (D:1)
  An adder skeleton (D:9)
  4 worms
  A dart slug (D:1)
  9 leopard geckos
  25 orcs
  6 giant cockroaches
  23 goblins
  16 hobgoblins
  4 jackals (D:1)
  9 kobolds
  5 quokkas
  2 ball pythons
  6 bats
  2 frilled lizards
  2 jackal skeletons
  A leopard gecko skeleton (D:5)
  A leopard gecko zombie (D:7)
  4 rats
285 creatures vanquished.

Vanquished Creatures (others)
  A kobold (D:11)
1 creature vanquished.

Grand Total: 286 creatures vanquished

Notes
Turn   | Place    | Note
-------+----------+-------------------------------------------
     0 | D:1      | Delamore the Gargoyle Fighter began the quest for the Orb.
     0 | D:1      | Reached XP level 1. HP: 14/14 MP: 1/1
   207 | D:1      | Reached XP level 2. HP: 11/19 MP: 2/2
   478 | D:1      | Reached skill level 3 in Maces & Flails
   589 | D:1      | Reached XP level 3. HP: 23/23 MP: 3/3
  1170 | D:2      | Found a shadowy altar of Dithmenos.
  1359 | D:2      | Found an ancient bone altar of Kikubaaqudgha.
  1464 | D:2      | Noticed Terence
  1475 | D:2      | Killed Terence
  1475 | D:2      | Reached skill level 4 in Maces & Flails
  1475 | D:2      | Reached XP level 4. HP: 28/28 MP: 4/4
  1498 | D:2      | Found a white marble altar of Elyvilon.
  1706 | D:2      | Found a blossoming altar of Fedhas.
  1789 | D:3      | Noticed Robin
  1986 | D:3      | Killed Robin
  2085 | D:3      | Reached skill level 5 in Maces & Flails
  2085 | D:3      | Reached XP level 5. HP: 32/32 MP: 5/5
  2906 | D:3      | Found a sacrificial altar of Ru.
  3053 | D:4      | Reached skill level 6 in Maces & Flails
  3053 | D:4      | Reached XP level 6. HP: 36/37 MP: 6/6
  3126 | D:4      | Found a burning altar of Makhleb.
  3308 | D:4      | Reached skill level 7 in Maces & Flails
  3308 | D:4      | Reached XP level 7. HP: 31/41 MP: 7/7
  4130 | D:5      | Entered Level 5 of the Dungeon
  4434 | D:5      | Reached skill level 8 in Maces & Flails
  5283 | D:5      | Reached skill level 9 in Maces & Flails
  5283 | D:5      | Reached XP level 8. HP: 39/46 MP: 8/8
  5453 | D:6      | Found a staircase to the Ecumenical Temple.
  5461 | Temple   | Entered the Ecumenical Temple
  5539 | Temple   | Became a worshipper of Warmaster Okawaru
  5593 | D:6      | Found an ornate altar of the Wu Jian Council.
  6054 | D:7      | Reached skill level 10 in Maces & Flails
  6276 | D:7      | Found Mimu's Food Emporium.
  6744 | D:8      | Noticed a hippogriff
  6832 | D:8      | Reached skill level 11 in Maces & Flails
  6837 | D:8      | Killed a hippogriff
  6837 | D:8      | Reached XP level 9. HP: 43/51 MP: 9/9
  6896 | D:8      | Reached * piety under Okawaru
  6966 | D:8      | Noticed a two-headed ogre
  6985 | D:8      | Killed a two-headed ogre
  6985 | D:8      | Reached ** piety under Okawaru
  6985 | D:8      | Reached skill level 12 in Maces & Flails
  6994 | D:8      | Got an encrusted war axe
  6995 | D:8      | Identified the +9 war axe of Undoing {speed, *Contam rElec
                  | rC+ Str+7} (You found it on level 8 of the Dungeon)
  7091 | D:8      | Noticed Pikel
  7103 | D:8      | Killed Pikel
  7135 | D:8      | Found a shimmering altar of Xom.
  7143 | D:8      | Reached skill level 5 in Fighting
  7143 | D:8      | Reached skill level 5 in Shields
  7143 | D:8      | Reached XP level 10. HP: 59/59 MP: 10/10
  7299 | D:8      | Found a shimmering altar of Xom.
  7300 | D:8      | Found a shimmering altar of Xom.
  7338 | D:8      | Found a runed translucent gate.
  7338 | D:8      | Found a runed translucent gate.
  7338 | D:8      | Noticed brujo666's ghost (novice DsGl)
  7339 | D:8      | Found a roughly hewn altar of Beogh.
  7339 | D:8      | Found a runed translucent gate.
  7370 | D:8      | Killed brujo666's ghost
  7377 | D:8      | Reached *** piety under Okawaru
  7685 | D:9      | Received a gift from Okawaru
  7800 | D:9      | Found a staircase to the Lair.
  7945 | D:9      | You fall into a shaft and drop 1 floor!
  7945 | D:10     | Entered Level 10 of the Dungeon
  8041 | D:10     | Reached **** piety under Okawaru
  8262 | D:9      | Found a glowing golden altar of the Shining One.
  8980 | D:10     | Found a staircase to the Orcish Mines.
  9052 | D:10     | Reached XP level 11. HP: 64/69 MP: 11/11
  9324 | D:10     | Identified a scroll of acquirement
  9413 | D:11     | Noticed a two-headed ogre
  9418 | D:11     | Noticed a two-headed ogre
  9426 | D:11     | Killed a two-headed ogre
  9431 | D:11     | Reached ***** piety under Okawaru
  9439 | D:11     | Killed a two-headed ogre
  9467 | D:11     | Noticed Sonja
  9476 | D:11     | Killed Sonja
  9476 | D:11     | Reached skill level 10 in Fighting
  9476 | D:11     | Reached skill level 10 in Shields
  9756 | D:11     | Noticed a cyclops
  9763 | D:11     | Killed a cyclops
  9960 | D:11     | Received a gift from Okawaru
 10046 | D:11     | Got a creamy pearl robe
 10115 | D:11     | Found a basalt altar of Yredelemnul.
 10349 | D:11     | Identified the cursed +0 robe "Puvoses" {Int+4} (You found
                  | it on level 11 of the Dungeon)
 10563 | D:12     | Killed an unseen horror
 10563 | D:12     | Reached ****** piety under Okawaru
 10563 | D:12     | Reached XP level 12. HP: 79/80 MP: 12/12
 10775 | D:12     | Noticed Azrael
 10788 | D:12     | Killed from afar by Azrael

Illustrated notes

Levels and vault maps discovered:
D:1:      dpeg_arrival_ternary, layout_basic
D:2:      layout_rooms, lemuel_crystal_altar, fedhas_altar_3,
          old_standard_altar, serial_park_tiny_pond, elyvilon_altar_3,
          uniq_terence
D:3:      layout_rooms, nicolae_ru_great_annihilating_truth, kennysheep_potato,
          uniq_robin
D:4:      layout_loops_cross, lemuel_doored_altar, serial_co_window_serial,
          co_window_paths_a, co_window_paths_b, co_window_corner_a,
          co_window_corner_a, co_window_of_opportunity_a,
          co_window_of_opportunity_b, co_window_2corner, co_window_paths_c,
          co_window_broadway_c, co_window_2corner, co_window_2corner,
          co_window_of_opportunity_c, co_window_paths_d, glass_columns_a,
          glass_columns_a, glass_columns_b, glass_columns_c, glass_columns_a,
          first_ration
D:5:      layout_basic
D:6:      layout_loops_cross, lemuel_round_altar, minmay_temple_entry_fiery
D:7:      layout_basic, serial_shops, nicolae_shop_behind_doors
D:8:      layout_basic, xom_redecorated, biasface_ghost_orc_armoury, uniq_pikel
D:9:      layout_loops_ring, tso_altar, lair_entry_dummy,
          hangedman_pestilent_swarm
D:10:     layout_basic, david_orc_4
D:11:     layout_irregular_city, basic_altar, due_unseen_surprise, uniq_sonja
D:12:     layout_basic, uniq_azrael
Temple:   zaba_magenta_temple

Skill      XL: |  1  2  3  4  5  6  7  8  9 10 11 |
---------------+----------------------------------+-----
Maces & Flails | 3 4 5 6 7 9 11 12 | 12.6
Fighting       | 5 8 11 | 11.7
Shields        | 5 8 11 | 11.7
Armour         | |  3.2

Action                   |  1- 3 |  4- 6 |  7- 9 | 10-12 || total
-------------------------+-------+-------+-------+-------++-------
Melee: Flail             |   108 |   234 |   280 |       ||   622
       War axe           |       |       |    34 |   432 ||   466
Invok: Heroism           |       |       |     1 |     1 ||     2
Evoke: Wand              |       |       |       |     1 ||     1
  Use: Scroll            |       |       |       |    19 ||    19
       Potion            |       |       |       |     2 ||     2
 Stab: Paralysed         |       |     1 |       |       ||     1
  Eat: Chunk             |     2 |     6 |    12 |    18 ||    38
       Ration            |       |       |     2 |       ||     2
Armor: Scale mail        |    58 |   120 |   105 |       ||   283
       Troll leather arm |       |       |    59 |    73 ||   132
       Plate armour      |       |       |       |   127 ||   127
Dodge: Dodged            |    35 |    83 |    93 |    94 ||   305
Block: Kite shield       |    62 |   125 |   152 |   286 ||   625
       Reflection        |       |       |       |    13 ||    13
